Unix NetHack Version 3.7.0-102 Work-in-progress - last build Apr 6 2024 13:22:21 (d302a6a9ff6341f1a922d8f5af178406b35fdf99,branch:master). Game began 2024-04-16 07:31:46, ended 2024-04-16 07:44:31. Raisse, lawful female dwarven Archeologist -------------------------- -- ...................h.).............*.| |. ----------- -------f----#----------)| .. |..................o..o..o...o...o#)| u .. | -------------.-------o---------.|.| .. n -.--0| o . o o.o|. |oo | |+| .. |....| oo . of_ | o .ooo |*| . ---..| |. o%0. o oo |*| -.- |..| -. .o0. -.- |.|--..| |..| ..--...-- o o... h|.|...-- --- --.| {....... .. |......| ---.| ---- |.| ....... . |.....-- --...| --..---.| | ......- -.|.....-- --....|--.......|.| ......| |.#......| ---.....--........#.| |%.%.%.- |.|......- |...--............|.| |...... |0|.--.......... |<.----...........| - -..... |.| ----------- ---- |......--...| ... |.| |..|..-----.----------------#------------------.| ------- |................*....................| --------------------------------------- Raisse the Field Worker St:16 Dx:10 Co:13 In:16 Wi:12 Ch:12 Lawful Dlvl:7 $:840 HP:0(51) Pw:14(14) AC:5 Xp:5/237 T:3959 Burdened Blind Latest messages: You lash Aiunu of Aibaneuakh. Poes misses Aiunu of Aibaneuakh. Aiunu of Aibaneuakh points all around, then curses. Poes misses Aiunu of Aibaneuakh. You lash Aiunu of Aibaneuakh! Poes bites Aiunu of Aibaneuakh. Aiunu of Aibaneuakh points all around, then curses. Poes misses Aiunu of Aibaneuakh. You miss Aiunu of Aibaneuakh. Poes misses Aiunu of Aibaneuakh. Aiunu of Aibaneuakh casts a spell! Aiunu of Aibaneuakh looks better. Poes misses Aiunu of Aibaneuakh. Poes bites Aiunu of Aibaneuakh. Aiunu of Aibaneuakh points at you, then curses. Poes bites Aiunu of Aibaneuakh. You lash Aiunu of Aibaneuakh. Poes misses Aiunu of Aibaneuakh. Aiunu of Aibaneuakh points all around, then curses. Poes bites Aiunu of Aibaneuakh. You miss Aiunu of Aibaneuakh. Poes misses Aiunu of Aibaneuakh. Aiunu of Aibaneuakh points all around, then curses. You hear the splashing of a naiad. You miss Aiunu of Aibaneuakh. Poes bites Aiunu of Aibaneuakh. Aiunu of Aibaneuakh is killed! Poes drops a poisoned crude arrow. Poes misses Ogbaneu of Aibaneuakh. Ogbaneu of Aibaneuakh swings her curved sword. Ogbaneu of Aibaneuakh hits! You lash Ogbaneu of Aibaneuakh. Poes bites Ogbaneu of Aibaneuakh. Ogbaneu of Aibaneuakh is killed! Aihaiu of Aibaneuakh picks up a curved sword. Poes bites Aihaiu of Aibaneuakh. You kill Aihaiu of Aibaneuakh! Poes eats an Uruk-hai corpse named Aihaiu of Aibaneuakh. The dust vortex engulfs you! You can't see in here! You get expelled! It hits! It engulfs you! You lash the dust vortex. You lash the dust vortex. You lash the dust vortex. You get expelled! It hits! You die... Do you want your possessions identified? [ynq] (y) q Inventory: Coins $ - 840 gold pieces Weapons a - an uncursed +2 bullwhip (weapon in right hand) k - 2 uncursed +0 orcish daggers Armor A - an uncursed +0 studded leather armor (being worn) H - an uncursed +0 orcish helm (being worn) O - a blessed +1 Hawaiian shirt with a tropical fish motif (being worn) Comestibles e - 2 uncursed food rations Scrolls g - an uncursed scroll of gold detection i - a cursed scroll of teleportation F - an uncursed scroll of blank paper P - an uncursed scroll of teleportation R - an uncursed scroll of charging Potions f - a blessed potion of hallucination r - 3 uncursed potions of healing w - 2 uncursed potions of speed y - a cursed potion of healing E - an uncursed potion of healing Rings I - an uncursed ring of free action Wands u - an uncursed wand of fire (0:6) C - an uncursed wand of undead turning (0:3) Tools b - an uncursed blindfold c - an uncursed tin whistle d - an uncursed thoroughly rusty very corroded +0 pick-axe l - an uncursed tinning kit (0:34) q - an uncursed blindfold x - an empty uncursed sack z - an uncursed skeleton key M - an uncursed lock pick Q - an uncursed figurine of a lich S - an uncursed wax candle Gems/Stones t - a cursed touchstone B - an uncursed chrysoberyl stone J - 3 uncursed worthless pieces of blue glass N - an uncursed emerald T - an uncursed obsidian stone U - 2 uncursed worthless pieces of green glass Raisse the Archeologist's attributes: Background: You were a Field Worker, a level 5 female dwarven Archeologist. You were lawful, on a mission for Quetzalcoatl who was opposed by Camaxtli (neutral) and Huhetotl (chaotic). You were right-handed. You were in the Gnomish Mines, on level 7. You entered the dungeon 3959 turns ago. You had 237 experience points, 83 more were needed to attain level 6. Basics: You had 0 out of 51 hit points. You had all 14 energy points (spell power). Your armor class was 5. Your wallet contained 840 zorkmids. Autopickup was on for '$!?/"=+' plus thrown, with exceptions. Final Characteristics: Your strength was 16 (limit:18/100). Your dexterity was 10 (limit:20). Your constitution was 13 (limit:20). Your intelligence was 16 (limit:16). Your wisdom was 12 (limit:16). Your charisma was 12 (limit:16). Final Status: You were temporarily blind. You weren't hungry. You were burdened; movement was slightly slowed. You were wielding a whip. You had basic skill with whip and could have enhanced that. Final Attributes: You were piously aligned. You were telepathic. You had automatic searching. You had infravision. You were stealthy. You were warded. You are dead. Miscellaneous: You never encountered a bones level. Total elapsed playing time was 12 minutes and 37 seconds. Major events: Turn 1: Raisse the lawful female dwarven Archeologist entered the dungeon 1125: attained the rank of Field Worker (level 3) 3495: entered the Gnomish Mines 3705: reached Mine Town 3959: killed by a dust vortex Vanquished creatures: an Uruk-hai an orc shaman a fog cloud a little dog a floating eye 3 hill orcs 2 werejackals 3 iguanas 3 acid blobs 5 coyotes 6 manes 2 giant rats 4 cave spiders 3 yellow molds 4 gnomes 5 garter snakes 6 geckos 5 jackals 3 foxes 4 goblins 2 sewer rats 4 grid bugs 2 lichens a kobold zombie 9 newts 81 creatures vanquished. No species were genocided or became extinct. Voluntary challenges: You read items or engraved 3 times. You never engraved Elbereth. You never genocided any monsters. You never polymorphed an object. You never changed form. You used no wishes. Achievements: You entered a shop. You attained the rank of Field Worker. You entered the Gnomish Mines. You entered Minetown. The Dungeons of Doom: levels 1 to 5 Level 1: A fountain. Level 2: An altar, a fountain. Level 3: An altar to Quetzalcoatl. Level 4: Stairs down to The Gnomish Mines. Level 5: The Gnomish Mines: levels 5 to 7 Level 5: Level 6: Level 7: <- You were here. An altar, a fountain. Final resting place for you, killed by a dust vortex. Game over: ---------- / \ / REST \ / IN \ / PEACE \ / \ | Raisse | | 840 Au | | killed by a dust | | vortex | | | | | | 2024 | *| * * * | * _________)/\\_//(\/(/\)/\//\/|_)_______ Goodbye Raisse the Archeologist... You died in The Gnomish Mines on dungeon level 7 with 2024 points, and 840 pieces of gold, after 3959 moves. You were level 5 with a maximum of 51 hit points when you died.